 Dungeon Crawl Stone Soup version 0.30-a0-458-g86641cc369 (webtiles) character file.

Game seed: 8834876088194682305

47 p00ps00p the Trooper (level 3, -2/33 HPs)
             Began as a Hill Orc Fighter on Dec 14, 2022.
             Slain by a gnoll
             ... wielding a +0 halberd
              (8 damage)
             ... on level 3 of the Dungeon.
             The game lasted 00:02:21 (1354 turns).

p00ps00p the Trooper (Hill Orc Fighter)             Turns: 1354, Time: 00:02:22

Health: -2/33      AC: 15    Str: 20    XL:     3   Next: 70%
Magic:  12/12      EV:  5    Int:  8    God:
Gold:   76         SH:  4    Dex: 10    Spells: 2/2 levels left

rFire   . . .      SeeInvis .    a - +0 war axe
rCold   . . .      Faith    .    c - +0 buckler
rNeg    . . .      Spirit   .    f - +3 plate armour
rPois   .          Reflect  .    i - +0 helmet
rElec   .          Harm     .    (no cloak)
rCorr   .          Rampage  .    (no gloves)
Will    .....                    (no boots)
Stlth   ..........               (no amulet)
HPRegen 0.25/turn                h - ring of magical power
MPRegen 0.13/turn                (no ring)

@: about to teleport
A: no striking features
a: no special abilities


You were on level 3 of the Dungeon.
You visited 1 branch of the dungeon, and saw 3 of its levels.

You collected 76 gold pieces.

Inventory:

Hand Weapons
 a - a +0 war axe (weapon)
Armour
 c - a +0 buckler (worn)
 f - a +3 plate armour (worn)
 i - a +0 helmet (worn)
Jewellery
 h - a ring of magical power (left hand)
Scrolls
 b - 3 scrolls of teleportation
Potions
 d - a potion of might
 e - a potion of degeneration {unknown}
 g - a potion of heal wounds {unknown}
 j - a potion of brilliance {unknown}


   Skills:
 + Level 4.1 Fighting
 + Level 3.4 Axes
 + Level 3.8 Armour
 + Level 3.8 Shields


You had 2 spell levels left.
You didn't know any spells.
Your spell library contained the following spells:

 Spells                   Type           Power      Damage    Failure   Level
 Sublimation of Blood     Necr           0%         N/A       100%        2
 Wereblood                Tmut           0%         N/A       100%        2
 Dazzling Flash           Conj/Hex       0%         N/A       100%        3
 Iskenderun's Mystic Bla  Conj/Tloc      0%         2d3       100%        4
 Starburst                Conj/Fire      0%         6d3       100%        6
 Summon Hydra             Summ           0%         N/A       100%        7


Dungeon Overview and Level Annotations

Branches:
Dungeon (3/15)

Altars:


Message History

A gnoll comes into view. It is wielding a +0 flail.
A gnoll comes into view. It is wielding a +0 whip.
The gnoll shouts! x2; You hear a shout!
A gnoll comes into view. It is wielding a +0 halberd.
The gnoll hits you but does no damage. The gnoll hits you but does no damage.
The gnoll hits you with a +0 halberd. You block the gnoll's attack.
You hit the gnoll but do no damage. The gnoll barely misses you.
You block the gnoll's attack. The gnoll completely misses you.
You closely miss the gnoll. The gnoll hits you with a +0 flail!
The gnoll hits you from afar with a +0 halberd.
The gnoll hits you but does no damage.
You slash the gnoll!
The gnoll is almost dead.
The gnoll hits you but does no damage.
The gnoll hits you from afar with a +0 halberd.
The gnoll hits you from afar with a +0 halberd!
* * * LOW HITPOINT WARNING * * *
You are too injured to fight recklessly!
You are too injured to fight recklessly!
You are too injured to fight recklessly!
You are too injured to fight recklessly!
You are too injured to fight recklessly!
You are too injured to fight recklessly!
You are too injured to fight recklessly!
You are too injured to fight recklessly!
You are too injured to fight recklessly!
You are too injured to fight recklessly!
You are too injured to fight recklessly!
You are too injured to fight recklessly!
You are too injured to fight recklessly!
You are too injured to fight recklessly!
You are too injured to fight recklessly!
You are too injured to fight recklessly!
You are too injured to fight recklessly!
You are too injured to fight recklessly!
As you read the scroll of teleportation, it crumbles to dust.
You feel strangely unstable. You block the gnoll's attack. x2
The gnoll hits you from afar with a +0 halberd!
You die...

###########
###.........# ########
#....@gg..... .#.....##
#.#..≈≈≈≈≈≈≈≈
.....<..####.##.≈ggJ....
.............##.≈.###.#.
..).[....######.≈.# #
.........# #.≈.# #
.........## #.≈.# ..
..........#####.≈.#.###
........#....##.≈......


You could see 4 gnolls and an endoplasm.

Vanquished Creatures
  An adder (D:2)
  A dart slug (D:2)
  An orc (D:3)
  A ball python (D:1)
  An endoplasm (D:2)
  A giant cockroach (D:1)
  4 goblins
  8 jackals (D:1)
  3 bats
  A frilled lizard (D:1)
  5 kobolds
  5 rats
32 creatures vanquished.

Notes
Turn   | Place    | Note
-------+----------+-------------------------------------------
     0 | D:1      | p00ps00p the Hill Orc Fighter began the quest for the Orb.
     0 | D:1      | Reached XP level 1. HP: 19/19 MP: 1/1
    59 | D:1      | Reached XP level 2. HP: 22/27 MP: 2/2
   750 | D:2      | Reached skill level 4 in Fighting
   767 | D:2      | Reached XP level 3. HP: 31/33 MP: 3/3
  1354 | D:3      | Slain by a gnoll

Illustrated notes

Levels and vault maps discovered:
D:1:      dpeg_arrival_concentric_ovals, layout_rooms
D:2:      layout_rooms, serial_rivers, chequers_serial_rivers_micro_c,
          chequers_serial_rivers_micro_e, chequers_serial_rivers_marsh,
          chequers_serial_rivers_small_3
D:3:      layout_rooms, mainiacjoe_overflow_brackets,
          nicolae_overflow_ecumenical_swirl,
          hellmonk_ecumenical_altar_arch_garden,
          nicolae_concentric_dashed_squares_mild, roderic_batcave

Skill      XL: |  1  2 |
---------------+-------+-----
Axes           | 3 |  3.4
Fighting       | 4 |  4.1
Armour         | |  3.8
Shields        | |  3.8

Action                   || total
-------------------------++-------
Melee: War axe           ||    97
  Use: Scroll            ||     7
Armor: Scale mail        ||    12
       Plate armour      ||    78
Dodge: Dodged            ||    35
Block: Buckler           ||    37

Table legend: (Time is in decaauts)
 A = Elapsed time spent in this place.
 B = Non-inter-level travel time spent in this place.
 C = Inter-level travel time spent in this place.
 D = Time resting spent in this place.
 E = Time spent auto-exploring this place.
 F = Levels seen in this place.
 G = Mean time per level.
                   A        B        C        D        E       F      G
               +--------+--------+--------+--------+--------+-----+--------+
         Total |   1396 |   1371 |     25 |    200 |    886 |   3 |  465.3 |
       Dungeon |   1396 |   1371 |     25 |    200 |    886 |   3 |  465.3 |
               +--------+--------+--------+--------+--------+-----+--------+

Top non-repeatable levels by time:
     D:1: 764 daAuts
     D:2: 589 daAuts
     D:3: 41 daAuts
